 Dungeon Crawl Stone Soup version 0.26.1-11-gd32895ea62 (webtiles) character file.

Game seed: 14883790676949846326

3453 Gerhazo the Destroyer (level 9, -4/62 HPs)
             Began as a Yellow Draconian Conjurer on June 3, 2021.
             Was a Priest of Vehumet.
             Hit by a javelin thrown by a centaur (6 damage)
             ... in a bailey.
             The game lasted 00:11:51 (8943 turns).

Gerhazo the Destroyer (Yellow Draconian Conjurer)   Turns: 8943, Time: 00:11:52

Health: -4/62      AC:  9    Str:  9    XL:     9   Next: 78%
Magic:  18/18      EV: 12    Int: 23    God:    Vehumet [***...]
Gold:   384        SH:  0    Dex:  9    Spells: 13/20 levels left

rFire    . . .     SeeInvis .   A - +2 short sword (freeze)
rCold    . . .     Faith    .   (no shield)
rNeg     . . .     Spirit   .   (armour unavailable)
rPois    .         Reflect  .   (helmet restricted)
rElec    .         Harm     .   B - +0 cloak
rCorr    +         Rampage  .   k - +0 pair of gloves
Will     .....     Rnd*Tele +   (no boots)
Stlth    ++........             (no amulet)
HPRegen  0.20/turn              h - ring of teleportation (curse)
MPRegen  0.16/turn              (no ring)

@: about to teleport
A: spit acid, unfitting armour, cold-blooded, acid resistance, AC +7
a: Breathe Acid, Renounce Religion


You were in a bailey.
You worshipped Vehumet.
Vehumet was most pleased with you.
You visited 2 branches of the dungeon, and saw 8 of its levels.
You also visited: Bailey.

You collected 384 gold pieces.

Inventory:

Hand Weapons
 A - a +2 short sword of freezing (weapon)
Missiles
 z - 18 poisoned darts
Armour
 k - a +0 pair of gloves (worn)
 B - a +0 cloak (worn)
Jewellery
 h - a cursed ring of teleportation (left hand)
 l - an uncursed ring of wizardry {unknown}
Wands
 t - a wand of paralysis (8)
 y - a wand of enslavement (13)
 C - a wand of random effects (18)
Scrolls
 b - a scroll of vulnerability {unknown}
 e - a scroll of random uselessness {unknown}
 g - 5 scrolls of identify
 i - 2 scrolls of teleportation
 j - 2 scrolls of magic mapping {unknown}
 m - 3 scrolls of enchant armour {unknown}
 n - 10 scrolls of remove curse {unknown}
 p - 2 scrolls of enchant weapon {unknown}
 r - 2 scrolls of holy word {unknown}
 w - a scroll of amnesia {unknown}
Potions
 a - 2 potions of flight {unknown}
 c - 4 potions of heal wounds {unknown}
 d - a potion of berserk rage {unknown}
 f - a potion of resistance {unknown}
 o - 2 potions of lignification {unknown}
 q - 7 potions of degeneration
 s - 2 potions of curing {unknown}
 u - a potion of ambrosia {unknown}
 v - a potion of haste {unknown}
 x - 2 potions of mutation {unknown}


   Skills:
 - Level 1.7 Dodging
 - Level 1.7 Stealth
 - Level 6.0 Spellcasting
 * Level 10.9 Conjurations
 * Level 7.2 Fire Magic


You had 13 spell levels left.
You knew the following spells:

 Your Spells              Type           Power        Failure   Level
a - Magic Dart            Conj           100%         1%          1
b - Searing Ray           Conj           100%         1%          2
d - Iskenderun's Mystic   Conj/Tloc      31%          2%          4

Your spell library contained the following spells:

 Spells                   Type           Power        Failure   Level
 Olgreb's Toxic Radiance  Pois           6%           21%         4
 Dazzling Flash           Conj/Hex       62%          1%          3
 Fulminant Prism          Conj/Hex       15%          2%          4


Dungeon Overview and Level Annotations

Branches:
Dungeon (7/15)             Temple (1/1) D:5          Bailey (1/1)

Altars:
Ashenzari
Cheibriados
Dithmenos
Elyvilon
Fedhas
Gozag
Kikubaaqudgha
Makhleb
Nemelex Xobeh
Okawaru
Qazlal
Ru
Sif Muna
Trog
Vehumet
Xom
Yredelemnul
Zin


Innate Abilities, Weirdness & Mutations

You can spit globs of acid.
Your golden yellow scales are hard. (AC +7)
You cannot fit into any form of body armour.
You are cold-blooded and may be slowed by cold attacks.
You are resistant to acid. (rCorr)


Message History

As you read the scroll labelled VITTUDWOMUO, it crumbles to dust.
It is a scroll of identify.
i - 3 scrolls of teleportation The orc warrior shouts!
The centaur shouts!
You hear a shout!
The centaur throws a javelin.
The javelin closely misses you.
The orc warrior hits you from afar with a +0 glaive!
As you read the scroll of teleportation, it crumbles to dust.
You feel strangely unstable.
The centaur throws a javelin.
The javelin pierces through you but does no damage.
The orc hits you from afar with a +0 trident.
The centaur throws a javelin.
The javelin pierces through you but does no damage.
Unknown command.
The centaur throws a javelin.
The javelin pierces through you.
* * * LOW HITPOINT WARNING * * *
You hear a splash.
The orc warrior hits you from afar with a +0 glaive!
* * * LOW HITPOINT WARNING * * *
The centaur throws a javelin.
The javelin pierces through you.
You die...

≈.....≈≈≈..≈≈≈≈
........≈≈≈.≈≈≈
..≈≈≈.....≈.≈≈≈
o≈≈≈≈≈..⌠.≈≈.≈≈
o≈≈≈≈≈.....≈.≈≈
≈≈≈≈≈≈≈....≈≈.≈
≈≈≈≈≈≈≈.....≈.≈
≈≈≈)≈≈≈o(...≈.≈
≈≈≈?≈≈≈@(...≈.≈
≈≈≈:≈≈≈(.o..≈c≈
≈≈≈≈≈≈≈.....≈.≈
≈≈≈≈≈≈≈....≈≈.≈
.≈≈≈o≈o....≈.≈≈
.≈≈o≈≈.o⌠.≈≈.≈≈
..≈o≈c....≈.≈≈≈
...c....≈≈≈.≈≈≈
≈.....≈≈≈..≈≈≈≈


You could see 5 orc warriors, 3 centaurs and 4 orcs.

Vanquished Creatures
  A deep elf mage (D:6)
  4 orc warriors
  A black bear (D:7)
  An ice beast (D:6)
  A phantom (D:3)
  3 sky beasts
  4 centaurs
  An ogre (D:7)
  A big kobold (D:3)
  3 bullfrogs
  2 wyvern skeletons
  4 scorpions
  5 wights
  3 killer bees (D:7)
  A hound (D:6)
  A centaur skeleton (D:4)
  3 orc priests
  A bullfrog skeleton (D:5)
  A jelly (D:5)
  An iguana (D:4)
  2 worker ants
  9 orc wizards
  A killer bee zombie (D:6)
  A hound zombie (D:7)
  2 hound skeletons (D:6)
  A gnoll (D:7)
  A worker ant zombie (D:6)
  4 adders
  A shadow imp (D:6)
  A white imp (D:6)
  3 ufetubi
  An ooze (D:2)
  An adder zombie (D:5)
  An adder skeleton (D:6)
  2 worms
  A dart slug (D:1)
  7 leopard geckos
  34 orcs
  2 bats
  9 giant cockroaches
  11 goblins
  14 hobgoblins
  12 jackals
  6 quokkas
  6 frilled lizards
  3 kobolds
  6 rats
184 creatures vanquished.

Vanquished Creatures (others)
  An ooze (D:4)
1 creature vanquished.

Grand Total: 185 creatures vanquished

Notes
Turn   | Place    | Note
-------+----------+-------------------------------------------
     0 | D:1      | Gerhazo the Draconian Conjurer began the quest for the Orb.
     0 | D:1      | Reached XP level 1. HP: 14/14 MP: 3/3
   245 | D:1      | Reached XP level 2. HP: 20/20 MP: 0/5
   886 | D:1      | Learned a level 2 spell: Searing Ray
   974 | D:4      | Reached XP level 3. HP: 26/26 MP: 0/6
  1043 | D:4      | Reached skill level 5 in Conjurations
  1096 | D:4      | Noticed a scorpion
  1100 | D:4      | Killed a scorpion
  1101 | D:4      | Reached XP level 4. HP: 33/33 MP: 3/8
  1278 | D:4      | Found a snail-covered altar of Cheibriados.
  1336 | D:4      | Reached XP level 5. HP: 34/38 MP: 4/9
  1415 | D:4      | Reached skill level 6 in Conjurations
  1965 | D:4      | Found a stormy altar of Qazlal.
  2098 | D:5      | Entered Level 5 of the Dungeon
  2184 | D:5      | Noticed a sky beast
  2201 | D:5      | Killed a sky beast
  2202 | D:5      | Reached XP level 6. HP: 33/45 MP: 1/11
  2315 | D:5      | Noticed a sky beast
  2321 | D:5      | Killed a sky beast
  2322 | D:5      | Reached skill level 7 in Conjurations
  2707 | D:5      | Your scales start taking on a golden yellow colour.
  2707 | D:5      | Reached XP level 7. HP: 46/50 MP: 5/13
  2707 | D:5      | Gained mutation: You are resistant to acid. (rCorr) [Yellow
                  | Draconian growth]
  3074 | D:5      | Found a staircase to the Ecumenical Temple.
  3171 | Temple   | Entered the Ecumenical Temple
  3254 | Temple   | Became a worshipper of Vehumet
  3597 | D:5      | Reached skill level 8 in Conjurations
  3649 | D:5      | Reached skill level 5 in Spellcasting
  3649 | D:5      | Reached skill level 1 in Fire Magic
  4009 | D:2      | Reached XP level 8. HP: 57/57 MP: 7/15
  4127 | D:2      | Reached * piety under Vehumet
  4127 | D:2      | Offered knowledge of Foxfire by Vehumet.
  4670 | D:2      | Found a burning altar of Makhleb.
  4670 | D:2      | Noticed a balrug
  4673 | D:2      | Noticed an orange demon
  5759 | D:3      | Learned a level 4 spell: Iskenderun's Mystic Blast
  6353 | D:6      | Reached ** piety under Vehumet
  6354 | D:6      | Offered knowledge of Sandblast by Vehumet.
  6584 | D:6      | Reached skill level 9 in Conjurations
  7470 | D:6      | Offered knowledge of Ignite Poison by Vehumet.
  7809 | D:6      | Reached XP level 9. HP: 43/62 MP: 9/17
  7815 | D:6      | Reached skill level 5 in Fire Magic
  7941 | D:6      | Reached *** piety under Vehumet
  8192 | D:6      | Noticed a deep elf mage
  8194 | D:6      | Noticed an ice devil
  8196 | D:6      | Killed a deep elf mage
  8197 | D:6      | Reached skill level 10 in Conjurations
  8476 | D:7      | Offered knowledge of Olgreb's Toxic Radiance by Vehumet.
  8770 | D:7      | Found a flagged portal.
  8787 | Bailey   | Entered a bailey
  8943 | Bailey   | HP: 2/62 [orc warrior/+0 glaive (14)]
  8943 | Bailey   | Hit by a javelin thrown by a centaur

Illustrated notes

Levels and vault maps discovered:
D:1:      ncdulo_smallfort, layout_basic
D:2:      layout_basic, makhleb_altar_promises_db, minmay_fountain_box,
          amcnicky_mini_pool_small, minivault_25, fountainhead
D:3:      layout_basic
D:4:      layout_loops_ring, nicolae_overflow_hidden_temple,
          hangedman_abyss_or_decor_lesser_grid, grunt_qazlal_clouds
D:5:      layout_loops_corners, minmay_temple_entry_butterflies
D:6:      layout_loops_ring, minivault_26, guppyfry_early_elven_hall
D:7:      layout_loops_ring, enter_bailey_7, nrook_loot_triangle, hex_large
Temple:   eino_temple_scatter_basement
Bailey:   bailey_polearm_flooded_kennysheep, bailey

Skill      XL: |  1  2  3  4  5  6  7  8  9 |
---------------+----------------------------+-----
Conjurations   | 5 6 7 8 9 10 | 10.9
Spellcasting   | 3 4 5 6 |  6.0
Fire Magic     | 1 4 7 |  7.2
Dodging        | |  1.7
Stealth        | |  1.7

Action                   |  1- 3 |  4- 6 |  7- 9 || total
-------------------------+-------+-------+-------++-------
Melee: Unarmed           |     9 |       |       ||     9
       Tailslap          |     1 |       |     1 ||     2
       Dagger            |     1 |       |       ||     1
       Short sword       |       |       |    12 ||    12
 Cast: Magic Dart        |    24 |       |       ||    24
       Searing Ray       |     5 |    24 |   111 ||   140
       Iskenderun's Myst |       |       |     8 ||     8
 Abil: Breathe Acid      |       |       |     3 ||     3
  Use: Scroll            |       |       |     2 ||     2
Armor: Skin              |     3 |     7 |    39 ||    49
Dodge: Dodged            |    11 |    11 |    87 ||   109
